 Seeded DCSS version 0.29.1-15-g9cfb28693d (webtiles) character file.

Game seed: 10705080513492541372 (custom seed)

19821 sircluck the Unseen (level 13, -8/76 HPs)
             Began as a Kobold Brigand on Aug 30, 2023.
             Was an Elder of Dithmenos.
             Mangled by an enormous slime creature (74 damage)
             ... on level 12 of the Dungeon on Aug 31, 2023.
             The game lasted 00:34:45 (13277 turns).

sircluck the Unseen (Kobold Brigand)               Turns: 13277, Time: 00:34:46

Health: -8/76      AC: 16    Str: 10    XL:     13   Next: 7%
Magic:  22/22      EV: 19    Int: 14    God:    Dithmenos [****..]
Gold:   477        SH:  0    Dex: 23    Spells: 12/12 levels left

rFire   + . .      SeeInvis .   p - +10 dagger of Grandeur {holy, rElec MP+9}
rCold   + . .      Faith    .   (no shield)
rNeg    . . .      Spirit   .   o - quicksilver dragon scales
rPois   +          Reflect  .   T - +1 hat {Stlth+}
rElec   +          Harm     .   F - +0 cloak {rPois}
rCorr   .          Rampage  .   y - +0 pair of gloves
Will    +....                   S - +0 pair of boots Stlth **++++++++
                                x - amulet of regeneration
HPRegen 1.02/turn               g - +4 ring of slaying
MPRegen 0.18/turn               l - ring "Esejej" {*Slow rF+ rC+ Str+2 Dex+3}

@: wreathed by umbra, studying Short Blades
A: small, no large weapons, nightstalker 3
a: Renounce Religion, Shadow Step


You were on level 12 of the Dungeon.
You worshipped Dithmenos.
Dithmenos was greatly pleased with you.
You visited 2 branches of the dungeon, and saw 13 of its levels.
You also visited: Bailey.

You collected 752 gold pieces.
You spent 275 gold pieces at shops.

Inventory:

Hand Weapons
 a - a +2 vorpal dagger
 p - the +10 dagger of Grandeur (weapon) {holy, rElec MP+9}
   (You found it on level 2 of the Dungeon)

   It has been blessed by the Shining One to cause great damage to the undead
   and demons.
   rElec:     It insulates you from electricity.
   MP:        It affects your magic capacity (+9).
Missiles
 d - 32 poisoned darts
 e - 2 curare-tipped darts (quivered)
 v - 46 stones
Armour
 o - quicksilver dragon scales (worn)
 y - a +0 pair of gloves (worn)
 F - a +0 cloak of poison resistance (worn)
 S - a +0 pair of boots (worn)
 T - a +1 hat of stealth (worn)
Jewellery
 c - a ring of wizardry
 f - a +6 ring of dexterity
 g - a +4 ring of slaying (left hand)
 h - a ring of flight
 l - the ring "Esejej" (right hand) {*Slow rF+ rC+ Str+2 Dex+3}
   (You found it on level 9 of the Dungeon)

   [ring of protection from cold]

   Str:       It affects your strength (+2).
   Dex:       It affects your dexterity (+3).
   rF:        It protects you from fire.
   rC:        It protects you from cold.
   *Slow:     It may slow you when you take damage.
 m - a ring of wizardry
 u - a +4 ring of slaying
 w - a +6 ring of strength
 x - an amulet of regeneration (around neck)
 z - a ring of willpower
 L - a +4 ring of protection
 U - a +4 ring of evasion
Wands
 D - a wand of flame (59)
 E - a wand of quicksilver (10)
 H - a wand of mindburst (5)
 K - a wand of polymorph (21)
Scrolls
 b - 4 scrolls of identify
 n - a scroll of torment
 s - 3 scrolls of fog
 t - a scroll of magic mapping
 B - 2 scrolls of noise
 C - a scroll of poison
 V - a scroll of enchant weapon
 Z - a scroll of blinking {unknown}
Potions
 i - 4 potions of flight
 j - 4 potions of haste
 k - 6 potions of curing
 q - 2 potions of mutation
 r - 2 potions of resistance
 I - 4 potions of heal wounds
 J - 17 potions of degeneration
 N - a potion of lignification {unknown}
 O - a potion of magic {unknown}
 P - 4 potions of invisibility
 Q - a potion of might
 R - a potion of ambrosia {unknown}
 X - a potion of attraction {unknown}
Miscellaneous
 A - a phantom mirror (inert)


   Skills:
 + Level 7.0 Fighting
 + Level 12.1 Short Blades
 + Level 9.4 Throwing
 + Level 6.5 Armour
 + Level 8.9 Dodging
 + Level 16.6 Stealth
 + Level 4.6 Evocations


You had 12 spell levels left.
You didn't know any spells.
Your spell library contained the following spells:

 Spells                   Type           Power      Damage    Failure   Level
 Call Canine Familiar     Summ           0%         N/A       89%         3
 Portal Projectile        Hex/Tloc       0%         N/A       89%         3
 Leda's Liquefaction      Hex/Erth       0%         N/A       100%        4
 Passage of Golubria      Tloc           0%         N/A       100%        4
 Lehudib's Crystal Spear  Conj/Erth      0%         10d2      100%        8


Dungeon Overview and Level Annotations

Branches:
Dungeon (12/15)            Temple (1/1) D:4            Lair (0/5) D:9
    Orc (0/2) D:10         Bailey (visited)

Altars:
Ashenzari
Cheibriados
Dithmenos
Elyvilon
Fedhas
Gozag
Hepliaklqana
Kikubaaqudgha
Makhleb
Nemelex Xobeh
Okawaru
Qazlal
Ru
Sif Muna
Trog
Uskayaw
Vehumet
Wu Jian
Xom
Yredelemnul
Zin
The Shining One

Shops:
D:4 !   D:6 !:*=


Innate Abilities, Weirdness & Mutations

You are small and have problems with some larger weapons.
You are completely attuned to the shadows.


Message History

Aiming: Throw Flame
Press: ? - help, Q - select action, (/) - cycle Shift-Dir - straight line, f/p - titanic slime creature
Aim: a titanic slime creature (heavily wounded, 94% to hit)
Okay, then.
Aiming: Quicksilver Bolt
Press: ? - help, Q - select action, (/) - cycle Shift-Dir - straight line, f/p - titanic slime creature
Aim: a titanic slime creature (heavily wounded, 94% to hit)
The bolt of dispelling energy hits the titanic slime creature!!
The titanic slime creature is severely wounded.
Aiming: Quicksilver Bolt
Press: ? - help, Q - select action, (/) - cycle Shift-Dir - straight line, f/p - titanic slime creature
Aim: a titanic slime creature (severely wounded, umbra, 94% to hit)
The bolt of dispelling energy hits the titanic slime creature!!
The titanic slime creature is severely wounded.
A titanic slime creature splits.
You puncture the large slime creature!
The large slime creature is severely wounded.
You barely miss the large slime creature.
The large slime creature is severely wounded.
The very large slime creature closely misses you.
A large slime creature splits.
Two slime creatures merge to form an enormous slime creature.
The slime creature hits you!
You hit the enormous slime creature.
The enormous slime creature is severely wounded.
You hit the enormous slime creature.
The enormous slime creature is severely wounded.
The slime creature barely misses you.
You hit the enormous slime creature but do no damage.
The enormous slime creature is severely wounded.
You hit the enormous slime creature.
The enormous slime creature is severely wounded.
The slime creature hits you.
You hit the enormous slime creature.
The enormous slime creature is severely wounded.
You puncture the enormous slime creature!
The enormous slime creature is almost dead.
The enormous slime creature hits you!!!!
Ouch! That really hurt!
You die...

...... #.....
#........ #.......##.
#.# #@....$..$ #.###
#JJ.....# #C..
#.......#####.####
#######..........#
#######.##.. #.####
############ #.# #
#..........# #.# #
#..........#####.####


You could see an enormous slime creature and a slime creature.

Vanquished Creatures
  A stone giant (D:10)
  A boulder beetle (D:10)
  A hydra (D:11)
  A centaur warrior (D:9)
  A catoblepas (D:10)
  3 two-headed ogres
  The ghost of viagra the Fighter, a novice BaFi of Hepliaklqana (D:8)
  A skeletal warrior (D:12)
  A flayed ghost (D:10)
  Pikel (D:8)
  A manticore (D:10)
  Maggie (D:6)
  An unseen horror (D:10)
  A komodo dragon (D:10)
  A troll (D:10)
  Prince Ribbit (D:7)
  A hornet (D:9)
  Sigmund (D:6)
  2 vampires (D:10)
  6 spriggans
  3 wyverns
  5 wraiths
  A shadow (D:11)
  19 yaks
  5 steam dragons
  Menkaure (D:5)
  3 acid dragons
  5 water moccasins (D:9)
  An ice beast (D:6)
  3 sky beasts
  3 black bears
  4 ogres (Bailey)
  5 centaurs
  3 lemures (D:8)
  5 kobold brigands
  Blork the orc (D:5)
  3 bullfrogs
  5 scorpions
  13 killer bees
  5 howler monkeys
  6 jellies
  2 orc priests
  3 hounds
  Crazy Yiuf (D:5)
  3 gnoll boudas
  An iron imp (D:5)
  Ijyb (D:5)
  Natasha (thrice) (D:3)
  6 iguanas
  5 orc wizards
  11 gnolls
  8 adders
  A shadow imp (D:6)
  2 white imps (D:6)
  2 ufetubi
  2 worms (D:3)
  A dart slug (D:4)
  28 orcs
  10 ball pythons
  5 endoplasms
  A giant cockroach (D:1)
  6 goblins
  8 hobgoblins
  23 kobolds
  6 quokkas
  5 bats
  A frilled lizard (D:1)
  4 rats
276 creatures vanquished.

Vanquished Creatures (others)
  4 bushes (D:9)
  6 fungi
  21 plants (D:9)
  4 toadstools (D:7)
35 creatures vanquished.

Grand Total: 311 creatures vanquished

Notes
Turn   | Place    | Note
-------+----------+-------------------------------------------
     0 | D:1      | sircluck the Kobold Brigand began the quest for the Orb.
     0 | D:1      | Reached XP level 1. HP: 12/12 MP: 1/1
   314 | D:1      | Reached XP level 2. HP: 13/18 MP: 2/2
   922 | D:1      | Found a faded altar of an unknown god.
  1642 | D:2      | Reached XP level 3. HP: 22/22 MP: 3/3
  1723 | D:2      | Identified the +10 dagger of Grandeur {holy, rElec MP+9}
  2298 | D:3      | Reached skill level 6 in Stealth
  2309 | D:3      | Reached XP level 4. HP: 13/27 MP: 4/4
  2571 | D:3      | Noticed Natasha
  2575 | D:3      | Killed Natasha
  2746 | D:3      | Noticed Natasha
  2772 | D:3      | Reached XP level 5. HP: 32/32 MP: 5/5
  3055 | D:3      | Killed Natasha
  3539 | D:3      | Noticed Natasha
  3543 | D:3      | Killed Natasha
  4604 | D:4      | Found a staircase to the Ecumenical Temple.
  4990 | D:4      | Found Qaureyw's Distillery.
  5176 | D:4      | Reached XP level 6. HP: 13/37 MP: 6/6
  5180 | D:4      | Reached skill level 7 in Stealth
  5648 | D:5      | Entered Level 5 of the Dungeon
  5692 | D:5      | Reached skill level 5 in Short Blades
  5692 | D:5      | Reached XP level 7. HP: 19/41 MP: 7/7
  5816 | D:5      | Noticed Blork the orc
  5820 | D:5      | Killed Blork the orc
  5821 | D:5      | Reached skill level 8 in Stealth
  5886 | D:5      | Found a runed translucent door.
  5889 | D:5      | Noticed Crazy Yiuf
  6197 | D:5      | Noticed Menkaure
  6199 | D:5      | Killed Menkaure
  6200 | D:5      | Reached skill level 9 in Stealth
  6200 | D:5      | Reached XP level 8. HP: 46/46 MP: 8/8
  6273 | D:5      | Noticed Ijyb
  6283 | D:5      | Killed Ijyb
  6350 | D:5      | Found a snail-covered altar of Cheibriados.
  6355 | D:5      | Reached skill level 1 in Armour
  6620 | D:5      | Killed Crazy Yiuf
  6729 | Temple   | Entered the Ecumenical Temple
  6790 | Temple   | Became a worshipper of Dithmenos the Shadowed
  6917 | D:6      | Reached skill level 10 in Stealth
  6934 | D:6      | Noticed a wraith
  6938 | D:6      | Killed a wraith
  6949 | D:6      | Reached XP level 9. HP: 31/52 MP: 9/9
  6978 | D:6      | Reached skill level 5 in Throwing
  6982 | D:6      | Reached skill level 11 in Stealth
  6983 | D:6      | Noticed Maggie
  7001 | D:6      | Killed Maggie
  7136 | D:6      | Found Wiynkuoc's Distillery.
  7142 | D:6      | Bought 2 potions of heal wounds for 120 gold pieces
  7167 | D:6      | Reached * piety under Dithmenos
  7201 | D:6      | Noticed Sigmund
  7208 | D:6      | Killed Sigmund
  7279 | D:6      | Reached skill level 12 in Stealth
  7392 | D:6      | Found Lorar's Book Emporium.
  7451 | D:6      | Found Baebeq's Jewellery Shoppe.
  7463 | D:6      | Found Jeexavo's Assorted Antiques.
  7468 | D:6      | Bought a dyed leather armour for 155 gold pieces
  7546 | D:7      | Noticed Prince Ribbit
  7552 | D:7      | Killed Prince Ribbit
  7553 | D:7      | Reached XP level 10. HP: 57/57 MP: 10/10
  7558 | D:7      | Reached skill level 5 in Dodging
  7714 | D:7      | Found a flagged portal.
  7741 | Bailey   | Entered a bailey
  7812 | Bailey   | Reached skill level 13 in Stealth
  7812 | Bailey   | Reached skill level 1 in Evocations
  7867 | Bailey   | Noticed a two-headed ogre
  7925 | Bailey   | Killed a two-headed ogre
  8392 | D:7      | Reached ** piety under Dithmenos
  8972 | D:8      | Reached XP level 11. HP: 62/62 MP: 11/11
  8990 | D:8      | Found a radiant altar of Vehumet.
  9069 | D:8      | Found a runed translucent gate.
  9070 | D:8      | Found a runed translucent gate.
  9071 | D:8      | Found a runed translucent gate.
  9290 | D:8      | Noticed Pikel
  9317 | D:8      | Killed Pikel
  9318 | D:8      | Reached skill level 5 in Fighting
  9490 | D:8      | Found a stormy altar of Qazlal.
  9561 | D:8      | Noticed viagra's ghost (novice BaFi)
  9575 | D:8      | Killed viagra's ghost
  9576 | D:8      | Reached skill level 14 in Stealth
  9788 | D:9      | Noticed a centaur warrior
  9799 | D:9      | Killed a centaur warrior
  9800 | D:9      | Reached skill level 5 in Armour
  9823 | D:9      | Identified a scroll of acquirement
  9823 | D:9      | Acquired a manual of Short Blades
 10152 | D:9      | Identified the ring "Esejej" {*Slow rF+ rC+ Str+2 Dex+3}
 10197 | D:9      | Reached skill level 10 in Short Blades
 10464 | D:9      | Found a staircase to the Lair.
 10512 | D:9      | Reached *** piety under Dithmenos
 10565 | D:9      | Reached XP level 12. HP: 69/69 MP: 12/12
 10577 | D:9      | Reached skill level 15 in Stealth
 10953 | D:10     | Entered Level 10 of the Dungeon
 10962 | D:10     | Got Xeilokepp's Atlas of the Dusty Compass
 11464 | D:10     | Noticed a two-headed ogre
 11476 | D:10     | Killed a two-headed ogre
 11892 | D:10     | Noticed a catoblepas
 11896 | D:10     | Killed a catoblepas
 11908 | D:10     | Noticed a boulder beetle
 11939 | D:10     | Killed a boulder beetle
 11953 | D:10     | Reached **** piety under Dithmenos
 11974 | D:10     | Noticed a flayed ghost
 11974 | D:10     | Noticed a stone giant
 11976 | D:10     | Killed a flayed ghost
 11977 | D:10     | Reached skill level 16 in Stealth
 11977 | D:10     | Killed a stone giant
 12079 | D:10     | Found a staircase to the Orcish Mines.
 12361 | D:11     | Noticed a two-headed ogre
 12597 | D:11     | Noticed a six-headed hydra
 12608 | D:11     | Killed a six-headed hydra
 12701 | D:11     | Killed a two-headed ogre
 12702 | D:11     | Reached XP level 13. HP: 74/76 MP: 13/13
 13054 | D:11     | Found a shimmering blue altar of Sif Muna.
 13277 | D:12     | Mangled by an enormous slime creature

Illustrated notes

Levels and vault maps discovered:
D:1:      ebering_hopf_link, layout_basic, ebering_ecumenical_altar_ruins
D:2:      minmay_general_purpose_star, layout_rooms, minmay_cut_off
D:3:      layout_basic, uniq_natasha
D:4:      layout_basic, temple_fountains, serial_glass, glass_columns_a,
          glass_columns_c, feat_on_display, item_on_display_a, serial_shops,
          nicolae_shop_waterfront, minmay_door_square, saegor_snake_ambush
D:5:      layout_basic, slow_altar_2, uniq_menkaure, uniq_ijyb,
          uniq_blork_the_orc, uniq_crazy_yiuf_cottage
D:6:      cheibrodos_fzero, layout_basic, serial_shops, shop_statue, shop,
          nicolae_shop_behind_doors, nicolae_shop_hallway_plus, uniq_maggie,
          uniq_sigmund
D:7:      layout_gridville, enter_bailey_7, minmay_gold_behind_fungi,
          uniq_prince_ribbit1
D:8:      layout_rooms, nicolae_qazlal_general_emergency,
          overflow_temple_1_default, gammafunk_ghost_spectres, uniq_pikel
D:9:      layout_basic, minmay_lair_entry_grove, the_hattery
D:10:     nzn_winding_woodlands_cross [nzn_winding_woodlands_5x15_concentric,
          nzn_winding_woodlands_5x15_crooked, nzn_winding_woodlands_5x15_zeroes,
          nzn_winding_woodlands_5x15_default,
          nzn_winding_woodlands_15x15_boxy_spiral], layout_basic
D:11:     layout_long_grid, lemuel_blue_sif_altar
D:12:     layout_basic
Temple:   hellmonk_temple_of_storms

Skill      XL: |  1  2  3  4  5  6  7  8  9 10 11 12 13 |
---------------+----------------------------------------+-----
Short Blades   | 3 4 5 6 7 9 10 12 | 12.1
Stealth        | 6 7 9 10 12 13 14 16 | 16.6
Throwing       | 3 4 5 7 8 9 |  9.4
Dodging        | 2 3 4 6 7 8 |  8.9
Fighting       | 3 4 5 6 7 |  7.0
Armour         | 2 4 5 6 |  6.5
Evocations     | 2 4 |  4.6

Action                   |  1- 3 |  4- 6 |  7- 9 | 10-12 | 13-15 || total
-------------------------+-------+-------+-------+-------+-------++-------
Melee: Dagger            |    66 |    74 |    92 |   449 |    21 ||   702
       Punch             |     1 |       |     1 |     7 |       ||     9
Throw: Dart              |    35 |    14 |     3 |    74 |     3 ||   129
       Stone             |       |       |       |     8 |       ||     8
Evoke: Wand              |       |       |     2 |    20 |     6 ||    28
       Phantom mirror    |       |       |       |       |     1 ||     1
  Use: Scroll            |       |       |       |    22 |       ||    22
       Potion            |       |       |       |     2 |       ||     2
 Stab: Sleeping          |     9 |     5 |    18 |    21 |     1 ||    54
       Distracted        |       |     3 |     1 |     1 |       ||     5
Armor: Robe              |     6 |    10 |       |       |       ||    16
       Leather armour    |       |       |     6 |       |       ||     6
       Steam dragon scal |       |       |     4 |     4 |       ||     8
       Quicksilver drago |       |       |       |    87 |       ||    87
Dodge: Dodged            |    39 |    33 |    42 |   291 |     6 ||   411
